 Dungeon Crawl Stone Soup version 0.22-a0-240-g539252a (webtiles) character file.

21 tidbits the Stinger (level 2, 14/20 HPs)
             Began as a Gnoll Venom Mage on Feb 21, 2018.
             Quit the game on level 5 of the Dungeon.
             The game lasted 00:03:23 (402 turns).

tidbits the Stinger (Gnoll Venom Mage)               Turns: 402, Time: 00:03:24

Health: 14/20      AC:  4    Str: 10    XL:     2   Next: 87%
Magic:  7/7        EV: 14    Int: 17    God:
Gold:   62         SH:  0    Dex: 15    Spells: 7/10 levels left

rFire    + . .     SeeInvis .   a - +0 dagger
rCold    . . .     Gourm    .   (no shield)
rNeg     . . .     Faith    .   B - +2 robe {rF+}
rPois    .         Spirit   .   (no helmet)
rElec    .         Reflect  .   (no cloak)
rCorr    .         Harm     .   (no gloves)
MR       .....                  (no boots)
Stlth    ++++......             (no amulet)
HPRegen  0.06/turn              h - ring of stealth
MPRegen  0.10/turn              W - ring of wizardry

@: no status effects
A: distributed training, fangs 1, strong nose
a: no special abilities


You were on level 5 of the Dungeon.
You were not hungry.

You visited 1 branch of the dungeon, and saw 5 of its levels.

You collected 62 gold pieces.

Inventory:

Hand Weapons
 a - a +0 dagger (weapon)
Missiles
 d - 18 stones (quivered)
Armour
 c - a +0 robe
 B - a +2 robe of fire resistance (worn)
   (You found it on level 1 of the Dungeon)
Jewellery
 h - a ring of stealth (left hand)
   (You found it on level 1 of the Dungeon)
 W - a ring of wizardry (right hand)
   (You found it on level 4 of the Dungeon)
Scrolls
 g - a scroll of fear
Potions
 e - a potion of agility {unknown}
 i - a potion of magic {unknown}
 j - a potion of curing {unknown}
Comestibles
 b - a ration


   Skills:
 + Level 0.5 Fighting
 + Level 0.5 Short Blades
 + Level 0.5 Long Blades
 + Level 0.5 Axes
 + Level 0.5 Maces & Flails
 + Level 0.5 Polearms
 + Level 0.5 Staves
 + Level 0.5 Slings
 + Level 0.5 Bows
 + Level 0.5 Crossbows
 + Level 0.5 Throwing
 + Level 0.5 Armour
 + Level 4.5 Dodging
 + Level 4.1 Stealth
 + Level 0.5 Shields
 + Level 0.5 Unarmed Combat
 + Level 4.9 Spellcasting
 + Level 2.0 Conjurations
 + Level 0.3 Hexes
 + Level 0.3 Charms
 + Level 0.3 Summonings
 + Level 0.3 Necromancy
 + Level 0.3 Translocations
 + Level 0.3 Transmutations
 + Level 0.3 Fire Magic
 + Level 0.3 Ice Magic
 + Level 0.3 Air Magic
 + Level 0.3 Earth Magic
 + Level 5.3 Poison Magic
 + Level 0.6 Invocations
 + Level 0.5 Evocations


You had 7 spell levels left.
You knew the following spells:

 Your Spells              Type           Power        Failure   Level  Hunger
a - Sting                 Conj/Pois      ###.         1%          1    None
o - Poisonous Vapours     Pois/Air       ##....       2%          2    #......


Dungeon Overview and Level Annotations

Branches:
Dungeon (5/15)
 Temple: D:4-7

Altars:


Innate Abilities, Weirdness & Mutations

Your experience applies equally to all skills.
You have very sharp teeth.
Your uncanny sense of smell can sniff out nearby items.


Message History

f - 2 scrolls labeled DOETZIE FAJOESM (gained 1)
Found a stone staircase leading down.
There is a stone staircase leading down here.
You climb downwards.
An adder comes into view.
The adder hisses angrily.
Found 8 gold pieces.
Found a stone staircase leading up.
There is a stone staircase leading up here.
A frilled lizard comes into view.
Found an onyx ring.
Found a stone staircase leading down.
Casting: Sting (safe; 3% risk of failure)
Confirm with . or Enter, or press ? or * to list all spells.
Aiming: Sting (safe; 3% risk of failure)
Press: ? - help, Shift-Dir - straight line, f - frilled lizard
Aim: a frilled lizard (resting)
The sting hits the frilled lizard.
The frilled lizard is poisoned.
You kill the frilled lizard!
Casting: Sting (safe; 3% risk of failure)
Confirm with . or Enter, or press ? or * to list all spells.
Aiming: Sting (safe; 3% risk of failure)
Press: ? - help, Shift-Dir - straight line, f - adder
Aim: an adder The sting hits the adder.
The adder is poisoned.
The adder is heavily wounded.
Casting: Sting (safe; 3% risk of failure)
Confirm with . or Enter, or press ? or * to list all spells.
Aiming: Sting (safe; 3% risk of failure)
Press: ? - help, Shift-Dir - straight line, f/p - adder
Aim: an adder (heavily wounded, poisoned)
The sting hits the adder.
The adder is heavily wounded.
Casting: Sting (safe; 3% risk of failure)
Confirm with . or Enter, or press ? or * to list all spells.
Aiming: Poisonous Vapours (safe; 7% risk of failure)
Press: ? - help, Dir - move target cursor, f/p - adder
Aim: an adder (heavily wounded, poisoned)
You miscast Poisonous Vapours.
You are very lightly contaminated with residual magic.
Nothing appears to happen.
The adder misses you.
Casting: Poisonous Vapours (safe; 7% risk of failure)
Confirm with . or Enter, or press ? or * to list all spells.
Aiming: Sting (safe; 3% risk of failure)
Press: ? - help, Shift-Dir - straight line, f/p - adder
Aim: an adder (severely wounded, poisoned)
The sting misses the adder.
The adder bites you.
You are poisoned.
The adder poisons you!
Unknown command.
Casting: Sting (safe; 3% risk of failure)
Confirm with . or Enter, or press ? or * to list all spells.
Aiming: Sting (safe; 3% risk of failure)
Press: ? - help, Shift-Dir - straight line, f/p - adder
Aim: an adder (severely wounded, poisoned)
The sting hits the adder.
The adder appears unharmed.
The adder is severely wounded.
You feel sick. The adder bites you.
You barely miss the adder.
The adder is almost dead.
You feel sick. The adder completely misses you. The adder misses you.
You miss the adder.
The adder is almost dead.
You kill the adder!
An orc wizard comes into view.
It is wielding a dagger. 2 orcs come into view.
You feel sick.
You see here an onyx ring.
k - an onyx ring You feel sick.
There is a stone staircase leading down here.
You climb downwards.
Found 19 gold pieces and 18 sling bullets.
There is a stone staircase leading up here.
Unknown command.
Put on which piece of jewellery? (? for menu, Esc to quit)
k - a ring of wizardry (right hand)
You feel sick.
Adjust (i)tems, (s)pells, or (a)bilities?
Adjust which item? (? for menu, Esc to quit)
k - a ring of wizardry (right hand) Adjust to which letter? (? for menu, Esc to quit)
W - a ring of wizardry (right hand)
You see here 19 gold pieces.
You now have 62 gold pieces (gained 19).
As you read the scroll labeled DOETZIE FAJOESM, it crumbles to dust.
You feel strangely unstable.
It was a scroll of teleportation.
You feel sick.
As you read the scroll of teleportation, it crumbles to dust.
You feel strangely stable.
As you read the scroll labeled UJYAXU UPTAE, it crumbles to dust.
You assume a fearsome visage.
Nothing appears to happen.
It was a scroll of fear.
You feel sick.
Your magical contamination has completely faded away.
An iguana comes into view.
You feel sick.
You are no longer poisoned. 4 orcs come into view.
Found a stone staircase leading down.
Are you sure you want to abandon this character and quit the game? (Confirm with "yes".)

## .# .# .# .#
.##### ......
################
......
#@.............#
......
#############.##
...... #.# ......
######## #.#
...... #......#
#.# ......
#.####.########.#
...... #.#
#.##.......#
.....l #.#
#.##.#######
...... #.# #.##.#


There were no monsters in sight!

Vanquished Creatures
  An adder (D:4)
  A leopard gecko (D:2)
  A bat (D:2)
  2 giant cockroaches
  2 hobgoblins (D:2)
  A frilled lizard (D:4)
  A goblin (D:1)
  A kobold (D:1)
  A rat (D:1)
11 creatures vanquished.

Notes
Turn   | Place    | Note
-------+----------+-------------------------------------------
     0 | D:1      | tidbits the Gnoll Venom Mage began the quest for the Orb.
     0 | D:1      | Reached XP level 1. HP: 13/13 MP: 6/6
   153 | D:1      | Reached skill level 2 in Conjurations
   225 | D:2      | Reached XP level 2. HP: 19/19 MP: 5/7
   229 | D:2      | Learned a level 2 spell: Poisonous Vapours
   283 | D:5      | Entered Level 5 of the Dungeon
   402 | D:5      | Quit the game

Vault maps used:
D:1:      dpeg_arrival_tiny_a, doesnt_xom_only_xom
D:2:      lemuel_coloured_pillars_altar, minmay_split_cup_large
D:3:      uniq_sigmund
D:4:      gammafunk_temple_overflow_forgotten, lemuel_old_faithful
D:5:      first_ration

Skill      XL: |  1 |
---------------+----+-----
Conjurations   | 2 |  2.0
Fighting       | |  0.5
Short Blades   | |  0.5
Long Blades    | |  0.5
Axes           | |  0.5
Maces & Flails | |  0.5
Polearms       | |  0.5
Staves         | |  0.5
Slings         | |  0.5
Bows           | |  0.5
Crossbows      | |  0.5
Throwing       | |  0.5
Armour         | |  0.5
Dodging        | |  4.5
Stealth        | |  4.1
Shields        | |  0.5
Unarmed Combat | |  0.5
Spellcasting   | |  4.9
Hexes          | |  0.3
Charms         | |  0.3
Summonings     | |  0.3
Necromancy     | |  0.3
Translocations | |  0.3
Transmutations | |  0.3
Fire Magic     | |  0.3
Ice Magic      | |  0.3
Air Magic      | |  0.3
Earth Magic    | |  0.3
Poison Magic   | |  5.3
Invocations    | |  0.6
Evocations     | |  0.5

Action                   || total
-------------------------++-------
Melee: Dagger            ||     2
 Cast: Sting             ||    18
  Use: Scroll            ||     3
Dodge: Dodged            ||     5

Table legend:
 A = Spawn XP
 B = Non-spawn XP
 C = Spawn XP percentage of total XP
 D = Spawn monster count
 E = Non-spawn monster count
 F = Spawn count percentage of total count
 G = Total turns spent on level
                    A         B        C        D         E        F      G
               +---------+---------+-------+---------+---------+-------+---------
         Total |       0 |      31 |   0.0 |       0 |      11 |   0.0 |   402
               +---------+---------+-------+---------+---------+-------+---------
           D:1 |       0 |       5 |   0.0 |       0 |       4 |   0.0 |    89
           D:2 |       0 |       9 |   0.0 |       0 |       4 |   0.0 |   159
           D:3 |       0 |       2 |   0.0 |       0 |       1 |   0.0 |    17
           D:4 |       0 |      15 |   0.0 |       0 |       2 |   0.0 |    18
               +---------+---------+-------+---------+---------+-------+---------

Table legend:
 A = Turns spent in this place as a percentage of turns spent in the entire game.
 B = Non-inter-level travel turns spent in this place as a percentage of non-inter-level travel turns spent in the entire game.
 C = Inter-level travel turns spent in this place as a percentage of turns spent in this place.
 D = Turns resting spent in this place as a percentage of non-inter-level travel turns spent in this place.
 E = Turns spent auto-exploring this place as a percentage of non-inter-level travel turns spent in this place.
 F = Non-inter-level travel turns spent in this place divided by the number of levels of this place that you've seen.
                   A       B       C       D       E      F
               +-------+-------+-------+-------+-------+----------------------
         Total | 100.0 | 100.0 |   0.0 |   0.0 |   0.0 |  80.4
       Dungeon | 100.0 | 100.0 |   0.0 |   0.0 |   0.0 |  80.4
               +-------+-------+-------+-------+-------+----------------------

Table legend:
 A = Kills in this place as a percentage of kills in entire the game.
 B = Kills by you in this place as a percentage of kills by you in the entire game.
 C = Kills by friends in this place as a percentage of kills by friends in the entire game.
 D = Other kills in this place as a percentage of other kills in the entire game.
 E = Experience gained in this place as a percentage of experience gained in the entire game.
 F = Experience gained in this place divided by the number of levels of this place that you have seen.
                   A       B       C       D       E      F
               +-------+-------+-------+-------+-------+----------------------
         Total | 100.0 | 100.0 |   N/A |   N/A | 100.0 |   6.2
       Dungeon | 100.0 | 100.0 |   N/A |   N/A | 100.0 |   6.2
               +-------+-------+-------+-------+-------+----------------------

Vault maps used:
D:1:      dpeg_arrival_tiny_a, doesnt_xom_only_xom
D:2:      lemuel_coloured_pillars_altar, minmay_split_cup_large
D:3:      uniq_sigmund
D:4:      gammafunk_temple_overflow_forgotten, lemuel_old_faithful
D:5:      first_ration
